 Dungeon Crawl Stone Soup version 0.29-a0-477-g62b78b4225 (webtiles) character file.

Game seed: 11990011110062414363

150 porpoise the Shooter (level 5, -1/32 HPs)
             Began as a Tengu Hunter on May 25, 2022.
             Slain by Grinder (5 damage)
             ... on level 3 of the Dungeon.
             The game lasted 00:08:22 (2552 turns).

porpoise the Shooter (Tengu Hunter)                 Turns: 2552, Time: 00:08:25

Health: -1/32      AC: 13    Str: 12    XL:     5   Next: 32%
Magic:  6/6        EV: 13    Int:  9    God:
Gold:   127        SH:  0    Dex: 19    Spells: 4/4 levels left

rFire   + . .      SeeInvis .   b - +0 short sword (protect)
rCold   . . .      Faith    .   (no shield)
rNeg    . . .      Spirit   .   h - +1 ring mail {rF+}
rPois   .          Reflect  .   (helmet restricted)
rElec   .          Harm     .   (no cloak)
rCorr   .          Rampage  .   (no gloves)
Will    .....                   (boots unavailable)
Stlth   ++........              (no amulet)
HPRegen 0.10/turn               (no ring)
MPRegen 0.10/turn               (no ring)

@: under a protective aura, flying quickly and evasively, invisible, quick
A: beak, talons 3, nimble flight
a: no special abilities


You were on level 3 of the Dungeon.
You visited 1 branch of the dungeon, and saw 3 of its levels.

You collected 127 gold pieces.

Inventory:

Hand Weapons
 a - a +1 shortbow
 b - a +0 short sword of protection (weapon)
Missiles
 t - 2 poisoned darts
Armour
 h - a +1 ring mail of fire resistance (worn)
Magical Staves
 k - a staff of conjuration
Scrolls
 c - 3 scrolls of immolation
 f - a scroll of teleportation
 g - a scroll of noise {unknown}
 l - a scroll of amnesia {unknown}
 m - a scroll of enchant armour {unknown}
Potions
 d - 2 potions of attraction
 e - a potion of curing
 i - a potion of brilliance
 j - a potion of might {unknown}
 n - a potion of degeneration {unknown}
 o - a potion of berserk rage {unknown}
 q - 2 potions of magic
 r - 2 potions of haste
 s - 3 potions of lignification
 u - a potion of mutation {unknown}


   Skills:
 + Level 3.1 Fighting
 * Level 5.9 Bows
 - Level 2.1 Dodging
 + Level 2.6 Stealth


You had 4 spell levels left.
You didn't know any spells.
Your spell library contained the following spells:

 Spells                   Type           Power      Damage    Failure   Level
 Magic Dart               Conj           0%         1d3       67%         1
 Call Imp                 Summ           0%         N/A       80%         2
 Static Discharge         Conj/Air       0%         N/A       80%         2
 Sublimation of Blood     Necr           0%         N/A       80%         2
 Wereblood                Tmut           0%         N/A       80%         2
 Mephitic Cloud           Conj/Pois/Air  0%         N/A       95%         3
 Animate Armour           Summ/Erth      0%         N/A       100%        4
 Blade Hands              Tmut           0%         N/A       100%        5
 Lightning Bolt           Conj/Air       0%         1d11      100%        5
 Iron Shot                Conj/Erth      0%         9d1       100%        6
 Summon Hydra             Summ           0%         N/A       100%        7
 Maxwell's Capacitive Co  Air            0%         ∞         100%        8


Dungeon Overview and Level Annotations

Branches:
Dungeon (3/15)

Altars:
Beogh

Annotations:
D:3 Grinder


Innate Abilities, Weirdness & Mutations

You have a beak for a mouth.
You have claws for feet.
Your magical nature lets you fly swiftly and evasively.


Message History

You kill the endoplasm!
No target in view!
No target in view!
Found an escape hatch in the floor.
Grinder comes into view.
Found 2 fuming emerald potions.
Unknown command.
You shoot an arrow. The arrow hits Grinder!
Grinder shouts!
Grinder is lightly wounded.
Grinder blinks!
You shoot an arrow. The arrow closely misses Grinder.
Grinder gestures at you. Pain shoots through your body!
You shoot an arrow.
The arrow hits Grinder but does no damage.
Grinder is lightly wounded.
You shoot an arrow. The arrow hits Grinder.
Grinder is moderately wounded.
Grinder gestures at you. Pain shoots through your body!
Your +0 short sword of protection hums with potential!
b - a +0 short sword of protection (weapon)
You barely miss Grinder. You claw Grinder, but do no damage.
Your peck misses Grinder.
Grinder is moderately wounded.
Grinder hits you!
* * * LOW HITPOINT WARNING * * *
You writhe in agony.
* * * LOW HITPOINT WARNING * * *
You fade into invisibility!
Grinder closely misses you.
You hit Grinder.
Your weapon exudes an aura of protection.
You peck Grinder, but do no damage.
Grinder is moderately wounded.
Grinder hits you.
* * * LOW HITPOINT WARNING * * *
You writhe in agony.
You die...

.. .....#.#.# ..
#...#.#.# #
..#.#...#.#.#.#.#
.......>........#
$............# #
..####.#.##.# #..
#.#.##.# #..###.#.##.#
#..5@.#.##.#####.#
#......#..........#..
#...!###.####.#######..
#### #.# #.# #.. #.#
#.# #.# #.# ##.## #.#
#.###...#### #.#
.##.......###.#
##....###.....##


You could see Grinder (can't see you).

Vanquished Creatures
  Robin (D:2)
  4 adders
  4 dart slugs
  5 orcs
  6 endoplasms
  2 giant cockroaches
  6 hobgoblins
  3 jackals (D:2)
  4 quokkas
  10 ball pythons
  2 bats (D:1)
  8 frilled lizards
  21 goblins
  5 kobolds
  6 rats
87 creatures vanquished.

Notes
Turn   | Place    | Note
-------+----------+-------------------------------------------
     0 | D:1      | porpoise the Tengu Hunter began the quest for the Orb.
     0 | D:1      | Reached XP level 1. HP: 12/12 MP: 2/2
    84 | D:1      | Reached XP level 2. HP: 17/17 MP: 3/3
   393 | D:1      | Reached XP level 3. HP: 22/22 MP: 4/4
   424 | D:1      | Reached skill level 5 in Bows
  1214 | D:2      | Reached XP level 4. HP: 27/27 MP: 5/5
  1248 | D:2      | Noticed Robin
  1290 | D:2      | Killed Robin
  1565 | D:2      | Found a faded altar of an unknown god.
  1902 | D:2      | Gained mutation: Your magical nature lets you fly swiftly
                  | and evasively. [Tengu growth]
  1902 | D:2      | Reached XP level 5. HP: 29/32 MP: 6/6
  2543 | D:3      | Noticed Grinder
  2552 | D:3      | Slain by Grinder

Illustrated notes

Levels and vault maps discovered:
D:1:      dpeg_arrival_water_temple_mockup, layout_basic, minmay_small_reverse_x
D:2:      layout_basic, hellmonk_ecumenical_altar_defaced_shrine,
          minmay_randomly_rotated_circles, uniq_robin
D:3:      layout_loops_ring, nicolae_overflow_ecumenical_swirl, uniq_grinder

Skill      XL: |  1  2  3  4 |
---------------+-------------+-----
Bows           | 5 |  5.9
Stealth        | 2 |  2.6
Fighting       | 3 |  3.1
Dodging        | |  2.1

Action                   |  1- 3 |  4- 6 || total
-------------------------+-------+-------++-------
Melee: Short sword       |       |     2 ||     2
       Kick              |       |     1 ||     1
       Peck              |       |     1 ||     1
 Fire: Shortbow          |    77 |   121 ||   198
  Use: Potion            |       |     2 ||     2
       Scroll            |       |     7 ||     7
Armor: Leather armour    |     3 |    15 ||    18
Dodge: Dodged            |     9 |    37 ||    46

Table legend: (Time is in decaauts)
 A = Elapsed time spent in this place.
 B = Non-inter-level travel time spent in this place.
 C = Inter-level travel time spent in this place.
 D = Time resting spent in this place.
 E = Time spent auto-exploring this place.
 F = Levels seen in this place.
 G = Mean time per level.
                   A        B        C        D        E       F      G
               +--------+--------+--------+--------+--------+-----+--------+
         Total |   2573 |   2516 |     57 |    723 |   1373 |   3 |  857.7 |
       Dungeon |   2573 |   2516 |     57 |    723 |   1373 |   3 |  857.7 |
               +--------+--------+--------+--------+--------+-----+--------+

Top non-repeatable levels by time:
     D:2: 1366 daAuts
     D:1: 965 daAuts
     D:3: 241 daAuts
